 Dungeon Crawl Stone Soup version 0.19-a0-49-gb8736b8 (webtiles) character file.

469 M4edhros the Grappler (level 6, -2/59 HPs)
             Began as a Troll Monk on May 6, 2016.
             Was a Believer of Dithmenos.
             Slain by Pikel
             ... wielding a +2 whip of electrocution
              (11 damage)
             ... on level 6 of the Dungeon.
             The game lasted 00:02:50 (477 turns).

M4edhros the Grappler (Troll Monk)                   Turns: 477, Time: 00:02:50

Health: -2/59      AC:  5    Str: 20    XL:     6   Next: 82%
Magic:  5/5        EV: 10    Int:  6    God:    Dithmenos [**....]
Gold:   51         SH:  0    Dex: 14    Spells: 0 memorised, 5 levels left

rFire  . . .     SeeInvis .       - Unarmed
rCold  . . .     Gourm    +     a - +0 robe
rNeg   . . .     Faith    .     (no shield)
rPois  .         Spirit   .     (helmet restricted)
rElec  .         Dismiss  .     (no cloak)
rCorr  .         Reflect  .     (gloves unavailable)
SustAt .         Harm     .     (boots unavailable)
MR     .....                    (no amulet)
Stlth  ++........               (no ring)
                                (no ring)

@: wreathed by umbra, not resistant to hostile enchantments, unstealthy
A: unfitting armour, claws 3, fast metabolism 3, gourmand, regeneration 2,
shaggy fur 1, tough skin 2
a: Shadow Step, Renounce Religion


You were on level 6 of the Dungeon.
You worshipped Dithmenos.
Dithmenos was pleased with you.
You were not hungry.

You visited 2 branches of the dungeon, and saw 7 of its levels.

You collected 51 gold pieces.

Inventory:

Armour
 a - a +0 robe (worn)
Scrolls
 e - a scroll of random uselessness {unknown}
 f - 2 scrolls of identify {unknown}
Comestibles
 b - 2 bread rations
 c - a beef jerky
 d - 4 fruits
 g - 6 chunks of flesh


   Skills:
 - Level 2.4 Fighting
 - Level 2.4 Dodging
 - Level 1.1 Stealth
 + Level 8.3 Unarmed Combat


You had 5 spell levels left.
You didn't know any spells.

Dungeon Overview and Level Annotations

Branches:
Dungeon (6/15)             Temple (1/1) D:4

Altars:
Cheibriados
Dithmenos
Fedhas
Makhleb
Pakellas
Qazlal
Ru
Trog

Annotations:
D:5 Sigmund
D:6 Pikel


Innate Abilities, Weirdness & Mutations

You are too large for most types of armour.
You have claws for hands.
Your metabolism is lightning-fast.
You like to eat raw meat.
You heal very quickly.
You are covered in fur (AC +1).
You have very tough skin (AC +2).


Message History

You are electrocuted!
You aren't carrying any potions.
Found a fuming green potion.
You see here a dented sapphire amulet.
You see here a fuming green potion.
Found a stone staircase leading up.
An ogre comes into view. It is wielding a giant club.
You aren't carrying any potions.
Read which item? (? for menu, Esc to quit)
Okay, then.
You scratch Pikel.
Pikel is lightly wounded.
The ogre shouts!
Pikel hits you with a whip of electrocution.
You are electrocuted!
* * * LOW HITPOINT WARNING * * *
You claw Pikel!
Pikel is heavily wounded.
Pikel hits you with a whip of electrocution!
You die...

#.# #.#
#O# #.#
<#. #.#
...###
#.# .....
##.# ....
##.@#
#..#
#.K##
#...##.##
#....#
#..###
#.!##
#...##
#....#
#....##


You could see Pikel and an ogre.

Vanquished Creatures
  A slave (D:5)
  A phantom (D:4)
  An ogre (D:4)
  A giant frog (D:6)
  A scorpion (D:4)
  A centaur zombie (D:5)
  An orc wizard (D:4)
  An iguana (D:4)
  2 worker ants (D:4)
  A hound zombie (D:6)
  A howler monkey skeleton (D:6)
  An adder (D:4)
  A shadow imp (D:6)
  A dart slug (D:2)
  3 orcs
  2 giant cockroaches
  A kobold (D:3)
  2 bats
  2 giant newts
  A jackal skeleton (D:4)
  2 rats
28 creatures vanquished.

Notes
Turn   | Place    | Note
--------------------------------------------------------------
     0 | D:1      | M4edhros the Troll Monk began the quest for the Orb.
     0 | D:1      | Reached XP level 1. HP: 22/22 MP: 0/0
    70 | D:2      | You fall through a shaft!
    78 | D:3      | Reached XP level 2. HP: 24/29 MP: 1/1
   101 | D:4      | Reached skill level 5 in Unarmed Combat
   101 | D:4      | Reached XP level 3. HP: 31/36 MP: 2/2
   134 | D:4      | Reached XP level 4. HP: 28/44 MP: 3/3
   291 | D:4      | Reached skill level 6 in Unarmed Combat
   312 | D:4      | Found a staircase to the Ecumenical Temple.
   318 | Temple   | Entered the Ecumenical Temple
   326 | Temple   | Became a worshipper of Dithmenos the Shadowed
   326 | Temple   | Reached * piety under Dithmenos
   326 | Temple   | Reached ** piety under Dithmenos
   339 | D:4      | Noticed an ogre
   364 | D:4      | Killed an ogre
   364 | D:4      | Reached XP level 5. HP: 33/50 MP: 4/4
   379 | D:4      | Noticed a phantom
   400 | D:4      | Killed a phantom
   400 | D:4      | Reached skill level 7 in Unarmed Combat
   400 | D:4      | Reached XP level 6. HP: 39/59 MP: 5/5
   421 | D:5      | Entered Level 5 of the Dungeon
   426 | D:5      | Noticed a slave
   432 | D:5      | Noticed Pikel
   433 | D:5      | Noticed a slave
   435 | D:5      | Noticed a slave
   438 | D:5      | Killed a slave
   439 | D:5      | Noticed a slave
   440 | D:5      | Noticed Sigmund
   456 | D:6      | Reached skill level 8 in Unarmed Combat
   477 | D:6      | Slain by Pikel

Vault maps used:
D:1:      minmay_arrival_nine_rooms
D:2:      nicolae_overflow_hidden_temple, trog_hazing_becter, uniq_terence
D:3:      grunt_temple_overflow_magic_moments, nemelex_altar_shiori,
          first_bread, uniq_crazy_yiuf_cottage
D:4:      temple_green
D:5:      zin_statuary, uniq_pikel, uniq_menkaure, uniq_sigmund
Temple:   temple_eino_lava_8

Skill      XL: |  1  2  3  4  5  6 |
---------------+-------------------+-----
Unarmed Combat | 5 6 7 8 |  8.3
Fighting       | |  2.4
Dodging        | |  2.4
Stealth        | |  1.1

Action                   |  1- 3 |  4- 6 || total
-------------------------+-------+-------++-------
Melee: Unarmed           |    50 |    65 ||   115
       Punch             |     1 |     2 ||     3
  Use: Potion            |     1 |       ||     1
  Eat: Chunk             |       |     2 ||     2
Armor: Robe              |    15 |    12 ||    27
Dodge: Dodged            |    34 |    30 ||    64
